 Dungeon Crawl Stone Soup version 0.28-a0-998-gb9e9c7b67e (webtiles) character file.

Game seed: 427250352879164357

2 bcent the Cudgeller (level 1, 0/20 HPs)
             Began as a Minotaur Cinder Acolyte on Dec 6, 2021.
             Was a High Priest of Ignis.
             Frozen to death by an endoplasm (4 damage)
             ... on level 1 of the Dungeon.
             The game lasted 00:00:31 (60 turns).

bcent the Cudgeller (Minotaur Cinder Acolyte)         Turns: 60, Time: 00:00:31

Health: 0/20       AC:  2    Str: 18    XL:     1   Next: 25%
Magic:  1/1        EV: 11    Int: 11    God:    Ignis [*****.]
Gold:   0          SH:  0    Dex:  5    Spells: 2/2 levels left

rFire   + . .      SeeInvis .   a - -1 mace (flame)
rCold   . . .      Faith    .   (no shield)
rNeg    . . .      Spirit   .   b - +0 robe
rPois   .          Reflect  .   (helmet restricted)
rElec   .          Harm     .   (no cloak)
rCorr   .          Rampage  .   (no gloves)
Will    .....                   (no boots)
Stlth   +.........              (no amulet)
HPRegen 0.06/turn               (no ring)
MPRegen 0.07/turn               (no ring)

@: no status effects
A: horns 2, retaliatory headbutt
a: Renounce Religion, Fiery Armour, Foxfire Swarm, Rising Flame


You were on level 1 of the Dungeon.
You worshipped Ignis.
Ignis was extremely pleased with you.
You visited 1 branch of the dungeon, and saw 1 of its levels.

Inventory:

Hand Weapons
 a - a -1 mace of flaming (weapon)
Armour
 b - a +0 robe (worn)


   Skills:
 + Level 3.6 Fighting
 + Level 3.6 Maces & Flails
 + Level 1.0 Spellcasting
 + Level 2.2 Fire Magic


You had 2 spell levels left.
You didn't know any spells.
Your spell library contained the following spells:

 Spells                   Type           Power      Damage    Failure   Level
 Scorch                   Fire           10%        2d6       21%         2


Dungeon Overview and Level Annotations

Branches:
Dungeon (1/15)

Altars:


Innate Abilities, Weirdness & Mutations

You have a pair of horns on your head.
You reflexively headbutt those who attack you in melee.


Message History

An endoplasm is nearby!
No reachable target in view!
No reachable target in view!
An endoplasm is nearby!
What are your orders? t - Shout!
Orders for allies: a - Attack new target. r - Retreat! s - Stop attacking. g - Guard the area. f - Follow me.
Anything else - Cancel.
You shout for attention!
A bat comes into view.
The bat closely misses you. The bat closely misses you.
You furiously retaliate!
You headbutt the bat!
You kill the bat!
The endoplasm barely misses you. The endoplasm freezes you.
You are frozen.
The endoplasm hits you.
The endoplasm hits you but does no damage.
The endoplasm hits you. The endoplasm freezes you.
You are frozen.
The endoplasm freezes you.
You are frozen.
The endoplasm hits you. The endoplasm misses you.
The endoplasm closely misses you. The endoplasm hits you.
* * * LOW HITPOINT WARNING * * *
The endoplasm hits you but does no damage.
The endoplasm barely misses you. The endoplasm closely misses you.
The endoplasm freezes you.
You are frozen.
* * * LOW HITPOINT WARNING * * *
The endoplasm barely misses you. The endoplasm freezes you.
You are frozen.
You die...

####
###########....#
##...≈≈≈≈≈≈≈≈≈≈...
#...≈≈≈≈≈≈≈≈≈≈≈≈..
...≈≈≈≈≈≈≈≈≈≈≈≈≈≈.
..≈≈≈8≈≈≈≈≈≈≈≈8≈≈≈
..≈≈≈≈≈≈≈≈≈≈≈≈≈≈≈≈
..≈≈≈≈J@.≈≈≈≈≈≈≈≈≈
...≈≈.≈≈≈.≈≈≈≈≈≈≈≈
..≈..≈≈≈≈.<≈≈≈≈≈≈≈
..≈≈≈≈≈≈≈>.≈≈≈≈..≈
..≈≈≈≈≈≈≈≈.≈≈≈.≈≈.
..≈≈≈≈≈≈≈≈≈...≈≈≈≈
..≈≈≈≈≈≈≈≈≈≈≈≈≈≈≈≈
..≈≈≈8≈≈≈≈≈≈≈≈8≈≈≈
.≈≈≈≈≈≈≈≈≈≈≈≈≈≈.


You could see an endoplasm.

Vanquished Creatures
  A quokka (D:1)
  A bat (D:1)
2 creatures vanquished.

Notes
Turn   | Place    | Note
-------+----------+-------------------------------------------
     0 | D:1      | bcent the Minotaur Cinder Acolyte began the quest for the
                  | Orb.
     0 | D:1      | Reached XP level 1. HP: 19/19 MP: 1/1
    60 | D:1      | Frozen to death by an endoplasm

Illustrated notes

Levels and vault maps discovered:
D:1:      nzn_arrival_water_spiral, layout_rooms, hangedman_decor_lopped,
          hangedman_abyss_or_decor_lesser_grid

Action                   || total
-------------------------++-------
Armor: Robe              ||     2
Dodge: Dodged            ||    10

Table legend: (Time is in decaauts)
 A = Elapsed time spent in this place.
 B = Non-inter-level travel time spent in this place.
 C = Inter-level travel time spent in this place.
 D = Time resting spent in this place.
 E = Time spent auto-exploring this place.
 F = Levels seen in this place.
 G = Mean time per level.
                   A        B        C        D        E       F      G
               +--------+--------+--------+--------+--------+-----+--------+
         Total |     60 |     60 |      0 |      0 |      1 |   1 |   60.0 |
       Dungeon |     60 |     60 |      0 |      0 |      1 |   1 |   60.0 |
               +--------+--------+--------+--------+--------+-----+--------+

Top non-repeatable levels by time:
     D:1: 60 daAuts
